 Dungeon Crawl Stone Soup version 0.22.1-2-g9c5b331383 (webtiles) character file.

933 Marnok the Chopper (level 7, -1/61 HPs)
             Began as a Minotaur Fighter on Nov 24, 2018.
             Slain by an ogre
             ... wielding a +0 giant spiked club
              (24 damage)
             ... on level 5 of the Dungeon.
             The game lasted 00:18:47 (3227 turns).

Marnok the Chopper (Minotaur Fighter)               Turns: 3227, Time: 00:18:48

Health: -1/61      AC:  7    Str: 23      XL:     7   Next: 86%
Magic:  6/6        EV:  9    Int:  5      God:
Gold:   147        SH: 10    Dex:  7 (9)  Spells: 6/6 levels left

rFire    . . .     SeeInvis .   a - +1 war axe
rCold    . . .     Gourm    .   c - +0 shield
rNeg     . . .     Faith    .   b - +0 scale mail
rPois    .         Spirit   .   (helmet restricted)
rElec    .         Reflect  .   (no cloak)
rCorr    .         Harm     .   (no gloves)
MR       .....                  (no boots)
Stlth    ..........             (no amulet)
HPRegen  0.20/turn              (no ring)
MPRegen  0.10/turn              (no ring)

@: no status effects
A: retaliatory headbutt, horns 2
a: no special abilities


You were on level 5 of the Dungeon.
You were not hungry.

You visited 1 branch of the dungeon, and saw 6 of its levels.

You collected 147 gold pieces.

Inventory:

Hand Weapons
 a - a +1 war axe (weapon)
Missiles
 g - 12 poisoned needles
 q - 3 exploding tomahawks (quivered)
 r - 8 poisoned tomahawks
Armour
 b - a +0 scale mail (worn)
 c - a +0 shield (worn)
 i - a +0 shield
Scrolls
 d - a scroll of remove curse {unknown}
 e - 2 scrolls of teleportation
 p - a scroll of fog
Potions
 s - a potion of brilliance
Comestibles
 f - 10 rations


   Skills:
 + Level 5.0 Fighting
 + Level 6.9 Axes
 + Level 6.1 Armour
 + Level 3.2 Dodging
 + Level 0.1 Stealth
 + Level 5.9 Shields


You had 6 spell levels left.
You didn't know any spells.
Your spell library contained the following spells:

 Spells                   Type           Power        Failure   Level  Hunger
 Shock                    Conj/Air       #...         99%         1    ##.....
 Swiftness                Chrm/Air       #.......     99%         2    ###....
 Static Discharge         Conj/Air       #.......     100%        3    ####...
 Airstrike                Air            #.........   100%        4    #####..
 Lightning Bolt           Conj/Air       #.........   100%        5    ######.


Dungeon Overview and Level Annotations

Branches:
Dungeon (6/15)
 Temple: D:4-7

Altars:

Shops:
D:4 }


Innate Abilities, Weirdness & Mutations

You reflexively headbutt those who attack you in melee.
You have a pair of horns on your head.


Message History

d - a scroll labeled VINNANK PEOP You now have 147 gold pieces (gained 16).
Found a stone staircase leading up.
A bullfrog and a skeleton come into view.
The bullfrog gives a loud, deep croak!
Found 18 stones and 15 poisoned needles.
There is a stone staircase leading up here.
You climb upwards.
The ogre shouts!
The ogre hits you with a giant spiked club!
Found 2 scrolls labeled LESOLA KEURUPH.
There is a stone staircase leading down, spattered with blood here.
You barely miss the ogre.
The ogre hits you with a giant spiked club!
You barely miss the ogre. Your headbutt misses the ogre.
The ogre hits you with a giant spiked club!
You slash the ogre! You headbutt the ogre.
The ogre is severely wounded.
The ogre hits you with a giant spiked club!!
You die...

############
...........#
......O@...#
...........#
...........#
...........#
...........#
..........##
.?........#
..........#
#######


You could see an ogre.

Vanquished Creatures
  An ice beast (D:5)
  An ogre (D:4)
  A centaur (D:5)
  A vampire bat (D:4)
  A quasit (D:5)
  A bullfrog skeleton (D:4)
  A hound (D:5)
  3 orc wizards
  An orc priest (D:4)
  An iguana (D:4)
  Jessica (D:2)
  4 worker ants
  7 adders
  An ooze (D:1)
  2 adder skeletons
  4 worms
  2 dart slugs
  3 fire bats (D:4)
  3 leopard geckos
  17 orcs
  2 spectral bats (D:4)
  4 ball pythons
  3 bat skeletons (D:4)
  A bat zombie (D:4)
  7 giant cockroaches
  8 goblins
  4 hobgoblins
  5 jackals
  3 quokkas
  19 bats
  A bat simulacrum (D:4)
  6 frilled lizards
  5 kobolds
  3 leopard gecko skeletons (D:4)
  5 rats
132 creatures vanquished.

Notes
Turn   | Place    | Note
-------+----------+-------------------------------------------
     0 | D:1      | Marnok the Minotaur Fighter began the quest for the Orb.
     0 | D:1      | Reached XP level 1. HP: 19/19 MP: 0/0
   139 | D:1      | Reached XP level 2. HP: 27/27 MP: 1/1
   460 | D:1      | Reached XP level 3. HP: 33/33 MP: 2/2
   754 | D:3      | Noticed Jessica
   757 | D:2      | Killed Jessica
   757 | D:2      | Reached XP level 4. HP: 24/40 MP: 3/3
  1048 | D:2      | Reached skill level 1 in Dodging
  1317 | D:3      | Reached XP level 5. HP: 46/47 MP: 4/4
  1605 | D:4      | Noticed an ogre
  1639 | D:4      | Reached XP level 6. HP: 38/53 MP: 5/5
  1641 | D:4      | Reached skill level 5 in Axes
  1644 | D:4      | Reached skill level 5 in Armour
  1644 | D:4      | Reached skill level 5 in Shields
  1814 | D:5      | Entered Level 5 of the Dungeon
  1885 | D:4      | Reached XP level 7. HP: 47/60 MP: 6/6
  2545 | D:4      | Found Daufun's Gadget Boutique.
  3025 | D:5      | Reached skill level 5 in Fighting
  3227 | D:5      | Slain by an ogre

Skill      XL: |  1  2  3  4  5  6  7 |
---------------+----------------------+-----
Armour         | 4 5 6 |  6.1
Fighting       | 4 5 |  5.0
Shields        | 4 5 |  5.9
Axes           | 3 4 6 |  6.9
Dodging        | 1 2 3 |  3.2
Stealth        | |  0.1

Action                   |  1- 3 |  4- 6 |  7- 9 || total
-------------------------+-------+-------+-------++-------
Melee: War axe           |    79 |   136 |   111 ||   326
       Headbutt          |     7 |    17 |    22 ||    46
  Use: Potion            |       |     1 |     3 ||     4
       Scroll            |       |       |    10 ||    10
  Eat: Ration            |       |     1 |     2 ||     3
Armor: Scale mail        |    53 |    77 |    59 ||   189
Dodge: Dodged            |    35 |    76 |    76 ||   187
Block: Shield            |    58 |   104 |    73 ||   235
